 Dungeon Crawl Stone Soup version 0.26-b1-32-g5d43845318 (webtiles) character file.

Game seed: 2499829770861557111

438 roguesci the Ruffian (level 7, -2/61 HPs)
             Began as a Naga Transmuter on Jan 11, 2021.
             Slain by a gnoll
             ... wielding a +0 halberd
              (14 damage)
             ... on level 4 of the Dungeon.
             The game lasted 00:07:39 (5590 turns).

roguesci the Ruffian (Naga Transmuter)              Turns: 5590, Time: 00:07:40

Health: -2/61      AC:  2    Str: 14    XL:     7   Next: 1%
Magic:  15/20      EV: 21    Int: 14    God:
Gold:   251        SH:  0    Dex: 16    Spells: 7/11 levels left

rFire    . . .     SeeInvis +     - Unarmed
rCold    . . .     Faith    .   (shield currently unavailable)
rNeg     . . .     Spirit   .   (armour currently unavailable)
rPois    x         Reflect  .   (helmet currently unavailable)
rElec    .         Harm     .   (cloak currently unavailable)
rCorr    .         Rampage  .   (gloves currently unavailable)
Will     .....                  (no barding)
Stlth    +.........             (no amulet)
HPRegen  0.20/turn              k - ring of magical power
MPRegen  0.17/turn              (no ring)

@: spider-form
A: tiny, see invisible, spit poison 1, AC +2
a: Spit Poison, End Transformation


You were on level 4 of the Dungeon.
You were a venomous arachnid creature.
You visited 1 branch of the dungeon, and saw 5 of its levels.

You collected 251 gold pieces.

Inventory:

Armour
 a - a +0 robe (melded)
 p - a +0 pair of gloves (melded)
Jewellery
 k - a ring of magical power (left front leg)
 q - a +4 ring of protection
 t - an uncursed amulet of faith
Wands
 u - a wand of flame (16)
Scrolls
 b - 4 scrolls of remove curse
 d - 3 scrolls of identify
 f - 4 scrolls of enchant weapon {unknown}
 g - 4 scrolls of amnesia {unknown}
 h - 2 scrolls of immolation {unknown}
 i - 2 scrolls of teleportation {unknown}
 l - 4 scrolls of fog {unknown}
 m - 4 scrolls of fear {unknown}
 s - 2 scrolls of magic mapping {unknown}
Potions
 c - a potion of lignification
 e - a potion of invisibility {unknown}
 j - a potion of mutation {unknown}
 n - 2 potions of curing {unknown}
 o - 3 potions of heal wounds {unknown}
 r - a potion of brilliance {unknown}


   Skills:
 * Level 2.7 Fighting
 + Level 1.4 Armour
 * Level 3.1 Dodging
 * Level 4.1 Unarmed Combat
 + Level 2.6 Spellcasting
 * Level 3.6 Transmutations
 + Level 2.1 Poison Magic


You had 7 spell levels left.
You knew the following spells:

 Your Spells              Type           Power        Failure   Level
a - Beastly Appendage     Tmut           24%          14%         1
b - Spider Form           Tmut/Pois      4%           41%         3

Your spell library contained the following spells:

 Spells                   Type           Power        Failure   Level
 Wereblood                Tmut           12%          21%         2
 Ice Form                 Ice/Tmut       6%           87%         4
 Blade Hands              Tmut           6%           92%         5


Dungeon Overview and Level Annotations

Branches:
Dungeon (5/15)
 Temple: D:4-7

Altars:


Innate Abilities, Weirdness & Mutations

You cannot wear boots.
((Your serpentine skin is tough. (AC +2)))
You have supernaturally acute eyesight. (SInv)
((Armour fits poorly on your strangely shaped body.))
((Your system is resistant to poisons. (rPois)))
((You cover ground very slowly.))
You can spit poison.


Message History

There is a stone staircase leading down here.
You hit the gnoll but do no damage.
Your transformation has ended.
Your +0 pair of gloves unmelds from your body.
Your +0 robe unmelds from your body.
The gnoll hits you with a cursed -3 halberd.
You hit the gnoll.
The gnoll is heavily wounded.
The gnoll hits you with a +0 halberd!
Casting: Spider Form (dangerous; 21% risk of failure)
Confirm with . or Enter, or press ? or * to list all spells.
You turn into a venomous arachnid creature.
Your +0 pair of gloves melds into your body.
Your +0 robe melds into your body.
The gnoll hits you with a cursed -3 halberd!
* * * LOW HITPOINT WARNING * * *
The gnoll misses you. The gnoll closely misses you.
The gnoll hits you from afar with a +0 halberd!
You die...

##############.##...
#..............##.##
###.#########.......
#.# #..##.## #.#
#..##.# #.#
#####..##.# #.#
#.........# #.#
#.##########
#s#####...........
#†>†..............
#gg###............
#....#.#.#########
##.#.#.#..........
#.#.#.#.########.
#.#.#.#.# #.
#.#.#.#.########.
#................


You could see 2 gnolls.

Vanquished Creatures
  A scorpion (D:4)
  3 hounds
  An orc wizard (D:4)
  Ijyb (D:4)
  2 iguanas (D:4)
  2 gnolls (D:4)
  8 adders
  2 worms (D:2)
  2 leopard geckos
  12 orcs
  4 giant cockroaches
  9 goblins
  9 hobgoblins
  2 jackals (D:3)
  6 kobolds
  4 quokkas
  10 bats
  9 frilled lizards
  A leopard gecko skeleton (D:4)
  7 rats
95 creatures vanquished.

Notes
Turn   | Place    | Note
-------+----------+-------------------------------------------
     0 | D:1      | roguesci the Naga Transmuter began the quest for the Orb.
     0 | D:1      | Reached XP level 1. HP: 18/18 MP: 3/3
   161 | D:1      | Reached XP level 2. HP: 25/25 MP: 3/5
   919 | D:1      | Reached XP level 3. HP: 31/31 MP: 6/6
  1245 | D:1      | Learned a level 3 spell: Spider Form
  1842 | D:2      | Reached XP level 4. HP: 39/39 MP: 7/7
  2557 | D:3      | Reached skill level 1 in Poison Magic
  3260 | D:3      | Reached skill level 1 in Armour
  3348 | D:3      | Reached XP level 5. HP: 43/45 MP: 8/8
  4020 | D:4      | Reached XP level 6. HP: 17/52 MP: 9/9
  4662 | D:4      | Noticed Ijyb
  4691 | D:4      | Killed Ijyb
  5344 | D:5      | Entered Level 5 of the Dungeon
  5365 | D:4      | Reached skill level 4 in Unarmed Combat
  5579 | D:5      | Reached XP level 7. HP: 61/61 MP: 11/11
  5590 | D:4      | Slain by a gnoll

Illustrated notes

Levels and vault maps discovered:
D:1:      beargit_arrival_greenhouse, layout_basic
D:2:      layout_basic, minmay_tetromino_i2
D:3:      layout_basic
D:4:      layout_basic, minmay_misc_feat_rows, uniq_ijyb
D:5:      layout_rooms, nicolae_overflow_hidden_temple,
          gammafunk_ghost_cemetery, basic_altar, uniq_crazy_yiuf_cottage,
          uniq_duvessa

Skill      XL: |  1  2  3  4  5  6 |
---------------+-------------------+-----
Dodging        | 2 3 |  3.1
Poison Magic   | 1 2 |  2.1
Armour         | 1 |  1.4
Fighting       | 2 |  2.7
Transmutations | 3 |  3.6
Unarmed Combat | 4 |  4.1
Spellcasting   | |  2.6

Action                   |  1- 3 |  4- 6 |  7- 9 || total
-------------------------+-------+-------+-------++-------
Melee: Unarmed           |   152 |   193 |     2 ||   347
       Headbutt          |     6 |     7 |       ||    13
       Punch             |     1 |       |       ||     1
 Cast: Beastly Appendage |    11 |    14 |       ||    25
       Spider Form       |     2 |    11 |     1 ||    14
 Abil: Spit Poison       |     4 |     4 |       ||     8
  Use: Scroll            |       |     2 |       ||     2
       Potion            |       |     1 |       ||     1
Armor: Robe              |    35 |    21 |       ||    56
       Skin              |       |    10 |       ||    10
Dodge: Dodged            |    76 |   156 |     5 ||   237
